 Dungeon Crawl Stone Soup version 0.19.4-9-g45fd643 (webtiles) character file.

548 oplop the Chiller (level 7, 0/46 HPs)
             Began as an Octopode Ice Elementalist on Feb 20, 2017.
             Slain by a centaur (5 damage)
             ... on level 5 of the Dungeon.
             The game lasted 00:09:12 (4156 turns).

oplop the Chiller (Octopode Ice Elementalist)       Turns: 4156, Time: 00:09:13

Health: 0/46       AC:  1    Str: 11    XL:     7   Next: 28%
Magic:  5/12       EV: 13    Int: 19    God:
Gold:   232        SH:  0    Dex: 13    Spells: 3 memorised, 5 levels left

rFire  . . .     SeeInvis .     u - +9 whip of the Endless March {slash, rPois rN+ Str+4}
rCold  . . .     Gourm    +     (no shield)
rNeg   + . .     Faith    .     (helmet restricted)
rPois  +         Spirit   .     n - amulet of the gourmand
rElec  .         Reflect  .     (no ring)
rCorr  .         Harm     .     (no ring)
MR     .....                    (no ring)
Stlth  +++.......               (no ring)
                                (no ring)
                                (no ring)
                                (no ring)
                                (no ring)

@: very slightly contaminated
A: almost no armour, stealthy swim, amphibious, 8 rings, constrict 8, camouflage
1, gelatinous body 1
a: no special abilities


You were on level 5 of the Dungeon.
You were very full.

You visited 1 branch of the dungeon, and saw 5 of its levels.

You collected 232 gold pieces.

Inventory:

Hand Weapons
 p - a +0 trident
 u - the +9 whip of the Endless March (weapon) {slash, rPois rN+ Str+4}
   (You found it on level 4 of the Dungeon)

   It inflicts extra damage upon your enemies.
   It affects your strength (+4).
   It protects you from poison.
   It protects you from negative energy.
Jewellery
 n - an amulet of the gourmand (around mantle)
 s - an uncursed ring of fire
Scrolls
 c - a scroll of enchant armour {unknown}
 e - 2 scrolls of blinking {unknown}
 f - a scroll of noise {unknown}
 h - 4 scrolls of identify {unknown}
 i - a scroll of fog {unknown}
 m - a scroll of random uselessness {unknown}
 o - 2 scrolls of remove curse {unknown}
 w - a scroll of teleportation {unknown}
Potions
 d - 2 potions of beneficial mutation {unknown}
 g - a potion of berserk rage {unknown}
 j - a potion of resistance {unknown}
 l - a potion of mutation {unknown}
 q - a potion of curing {unknown}
 r - 2 potions of heal wounds {unknown}
 t - a potion of degeneration {unknown}
Books
 a - a book of Frost

   Spells                             Type                      Level
   a - Freeze                         Ice                          1
   b - Throw Frost                    Conjuration/Ice              2
   c - Ozocubu's Armour               Charms/Ice                   3
   d - Throw Icicle                   Conjuration/Ice              4
   e - Summon Ice Beast               Ice/Summoning                4
Comestibles
 b - 2 bread rations
 k - 5 meat rations


   Skills:
 + Level 3.1 Fighting
 - Level 2.0 Dodging
 - Level 2.6 Stealth
 + Level 3.6 Spellcasting
   Level 1.0 Conjurations
 * Level 2.6 Summonings
 * Level 5.8 Ice Magic


You had 5 spell levels left.
You knew the following spells:

 Your Spells              Type           Power        Failure   Level  Hunger
a - Freeze                Ice            ####         1%          1    None
b - Ozocubu's Armour      Chrm/Ice       ##......     14%         3    ###....
c - Summon Ice Beast      Ice/Summ       ###.....     28%         4    ####...


Dungeon Overview and Level Annotations

Branches:
Dungeon (5/15)
 Temple: D:4-7

Altars:
Xom

Annotations:
D:4 Menkaure


Innate Abilities, Weirdness & Mutations

You cannot wear most types of armour.
You are very stealthy in the water. (Stealth+)
You are amphibious.
You can wear up to eight rings at the same time.
You can use your tentacles to constrict eight enemies at once.
Your skin changes colour to match your surroundings (Stealth+).
Your rubbery body absorbs attacks. (AC +1, EV +1)


Message History

Press: ? - help, Dir - move target cursor, f - centaur
Aim: a centaur, wielding a shortbow Attack!
The centaur shoots an arrow.
The arrow hits your ice beast!
The centaur unwields an uncursed shortbow.
The centaur hits your ice beast.
Your ice beast dies!
The centaur wields an uncursed shortbow.
The centaur shoots an arrow.
The arrow hits you!
You see here 4 arrows.
The centaur unwields an uncursed shortbow.
The centaur hits you!
* * * LOW HITPOINT WARNING * * *
The orc misses you.
You whack the centaur!
The centaur is severely wounded.
The centaur misses you. The orc closely misses you.
You barely miss the orc. Your grab misses the orc. The centaur hits you!
* * * LOW HITPOINT WARNING * * *
The centaur hits you.
You die...

####
..# #.#
##.##
##c.o##
#..@..#
##..(.#
##.#.#
###.#
#)# #.#
#.# #.#
#.#


You could see a centaur and an orc.

Vanquished Creatures
  4 orc priests
  A gnoll shaman (D:4)
  A hound (D:3)
  6 orc wizards
  A worker ant (D:4)
  6 gnolls
  5 adders
  A worm (D:3)
  6 leopard geckos
  11 orcs
  A ball python (D:4)
  3 giant cockroaches
  5 goblins
  6 hobgoblins
  5 kobolds
  3 quokkas
  4 bats
  7 frilled lizards
  A quokka skeleton (D:4)
  8 rats
85 creatures vanquished.

Notes
Turn   | Place    | Note
-------+----------+-------------------------------------------
     0 | D:1      | oplop the Octopode Ice Elementalist began the quest for the Orb.
     0 | D:1      | Reached XP level 1. HP: 11/11 MP: 3/3
   260 | D:1      | Reached XP level 2. HP: 13/18 MP: 1/5
   794 | D:1      | Reached skill level 1 in Fighting
  1046 | D:2      | Reached XP level 3. HP: 16/23 MP: 0/6
  1162 | D:2      | You fall through a shaft for 2 floors!
  1187 | D:3      | Reached skill level 4 in Ice Magic
  1187 | D:3      | Reached XP level 4. HP: 20/28 MP: 3/7
  1974 | D:2      | Learned a level 3 spell: Ozocubu's Armour
  2156 | D:2      | Reached XP level 5. HP: 24/34 MP: 6/9
  2312 | D:3      | Found a shimmering altar of Xom.
  2565 | D:2      | Reached skill level 5 in Ice Magic
  2757 | D:3      | Reached XP level 6. HP: 30/40 MP: 3/10
  2786 | D:3      | Found a faded altar of an unknown god.
  2919 | D:4      | Noticed Menkaure
  2932 | D:3      | Learned a level 4 spell: Summon Ice Beast
  3248 | D:4      | Reached skill level 1 in Summonings
  3595 | D:4      | Got a polished whip
  3596 | D:4      | Identified the +9 whip of the Endless March {slash, rPois rN+ Str+4} (You found it on level 4 of the Dungeon)
  3819 | D:4      | Reached XP level 7. HP: 39/46 MP: 7/12
  4130 | D:5      | Entered Level 5 of the Dungeon
  4156 | D:5      | Slain by a centaur

Skill      XL: |  1  2  3  4  5  6 |
---------------+-------------------+-----
Fighting       | 1 2 3 |  3.1
Ice Magic      | 4 5 |  5.8
Spellcasting   | 3 |  3.6
Summonings     | 2 |  2.6
Dodging        | |  2.0
Stealth        | |  2.6
Conjurations   | |  1.0

Action                   |  1- 3 |  4- 6 |  7- 9 || total
-------------------------+-------+-------+-------++-------
Melee: Unarmed           |    41 |    94 |       ||   135
       Constrict         |    14 |    38 |     6 ||    58
       Tentacles         |     5 |    25 |     2 ||    32
       Whip              |       |    15 |    13 ||    28
 Cast: Freeze            |    21 |    41 |     6 ||    68
       Ozocubu's Armour  |       |     9 |     1 ||    10
       Summon Ice Beast  |       |       |     1 ||     1
 Stab: Sleeping          |     4 |     9 |     1 ||    14
       Distracted        |       |     2 |       ||     2
  Eat: Chunk             |     1 |    22 |     1 ||    24
Armor: Skin              |     9 |    21 |       ||    30
Dodge: Dodged            |    39 |    69 |    12 ||   120
